 Dungeon Sprint DCSS version 0.28.0-43-g3370ac3207 (webtiles) character file.

Game seed: 8209490998455902161

2310 boopmooplesden the Fencer (level 9, 0/97 HPs)
             Began as a Minotaur Berserker on Mar 8, 2022.
             Was a High Priest of Trog.
             Slain by a hornet (16 damage)
             ... in the Dungeon (Sprint II: "The Violet Keep of Menkaure").
             The game lasted 00:02:13 (882 turns).

boopmooplesden the Fencer (Minotaur Berserker)       Turns: 882, Time: 00:02:14

Health: 0/97       AC:  6    Str: 19    XL:     9   Next: 18%
Magic:  8/8        EV: 15    Int:  4    God:    Trog [*****.]
Gold:   137        SH:  0    Dex: 17    Spells: 8/8 levels left

rFire   + . .      SeeInvis .   l - +6 trident of Massacring {speed, rPois rN++ Str-4}
rCold   + + +      Faith    .   (no shield)
rNeg    + + .      Spirit   .   k - +0 ring mail "Wotidoac" {Harm Drain rElec rC+++}
rPois   +          Reflect  .   j - +0 hat of the Moon Troll {Rampage rElec rF+ Dex+4}
rElec   +          Harm     +   (no cloak)
rCorr   .          Rampage  +   (no gloves)
Will    .....      NoTele   +   (no boots)
Stlth   +.........              (no amulet)
HPRegen 0.26/turn               (no ring)
MPRegen 0.11/turn               (no ring)

@: on berserk cooldown, hasted and slowed
A: horns 2, retaliatory headbutt, deterioration 1
a: Renounce Religion, Berserk, Trog's Hand, Brothers in Arms


You were in the Dungeon.
You worshipped Trog.
Trog was extremely pleased with you.
You visited 1 branch You collected 972 gold pieces.
You spent 835 gold pieces at shops.

Inventory:

Hand Weapons
 a - a +0 falchion
 l - the +6 trident of Massacring (weapon) {speed, rPois rN++ Str-4}
   (You bought it in a shop in the Dungeon)

   Attacks with this weapon are significantly faster.
   Str:       It affects your strength (-4).
   rPois:     It protects you from poison.
   rN:        It greatly protects you from negative energy.
Armour
 b - a +0 animal skin
 j - the +0 hat of the Moon Troll (worn) {Rampage rElec rF+ Dex+4}
   (You bought it in a shop in the Dungeon)

   Dex:       It affects your dexterity (+4).
   rF:        It protects you from fire.
   rElec:     It insulates you from electricity.
   Rampage:   It bestows one free step when moving towards enemies.
 k - the +0 ring mail "Wotidoac" (worn) {Harm Drain rElec rC+++}
   (You bought it in a shop in the Dungeon)

   rC:        It renders you almost immune to cold.
   rElec:     It insulates you from electricity.
   Drain:     It drains your maximum health when unequipped.
   Harm:      It increases damage dealt and taken.
Scrolls
 h - a scroll of blinking
Potions
 c - a potion of curing
 f - 2 potions of magic
 g - a potion of berserk rage
 i - 2 potions of mutation {unknown}


   Skills:
 + Level 15.3 Fighting
 + Level 15.9 Long Blades
 + Level 1.9 Polearms
 + Level 8.3 Armour
 + Level 8.7 Dodging
 + Level 1.0 Stealth


You had 8 spell levels left.
You didn't know any spells.
Your spell library was empty.

Dungeon Overview and Level Annotations

Branches:
Dungeon (1/1)

Altars:
Dithmenos
Elyvilon
Fedhas
Gozag
Kikubaaqudgha
Makhleb
Nemelex Xobeh
Okawaru
Qazlal
Ru
Sif Muna
Trog
Uskayaw
Vehumet
Wu Jian
Xom
Yredelemnul
Zin
The Shining One
Jiyva
Lugonu

Shops:
D :!=(?!=[*[[[:[(

Annotations:
D exclusions: oklob plant and orange crystal statue


Innate Abilities, Weirdness & Mutations

You have a pair of horns on your head.
You reflexively headbutt those who attack you in melee.
Your body sometimes deteriorates upon taking damage.


Message History

* * * LOW HITPOINT WARNING * * *
Your body deteriorates!
You feel dopey.
The polar bear claws you but does no damage.
The polar bear claws you.
* * * LOW HITPOINT WARNING * * *
You feel much better. The polar bear completely misses you.
You furiously retaliate!
You headbutt the polar bear. The polar bear claws you.
The polar bear closely misses you.
You barely miss the polar bear. You headbutt the polar bear.
The polar bear is moderately wounded.
The polar bear bites you but does no damage.
The polar bear claws you but does no damage.
The polar bear barely misses you. The polar bear bites you!
* * * LOW HITPOINT WARNING * * *
The polar bear claws you but does no damage. x2
You hit the polar bear. You headbutt the polar bear!
The polar bear is heavily wounded.
The polar bear closely misses you. You furiously retaliate!
You headbutt the polar bear! The polar bear misses you.
The polar bear claws you but does no damage.
You hit the polar bear.
You kill the polar bear!
Trog accepts your kill. Trog grants you a weapon!
Something appears at your feet!
You see here a +3 antimagic great sword.
The hornet stings you but does no damage.
You feel your intelligence returning.
Your Stealth skill increases to level 1!
You feel yourself speed up. The hornet stings you.
* * * LOW HITPOINT WARNING * * *
The hornet barely misses you.
You barely miss the hornet. The hornet misses you.
You puncture the hornet!
The hornet is heavily wounded.
The hornet stings you but does no damage.
You closely miss the hornet.
The hornet is moderately wounded.
The hornet misses you. The hornet stings you!
You die...

+## #.##.#### +.### #..#
...# .^.# ## .#####..##
#..# .# '###.##..# +..#
c# .##...#..# #..# .# $
<.'##.'..####^.##y# !)(
.##...#....###..@##▓▓▓▓▓
'###.##......≈≈≈≈≈≈≈≈≈≈≈
#.####≈≈.....≈#+########
##.#≈≈≈≈≈§§..≈#_._._...#
..##≈≈≈≈≈§≈§.≈#._._._._#
'##≈≈≈§§§§≈§≈≈#_._._._.#
≈≈≈≈≈≈§≈§≈§≈≈≈#._._._._#
#+++#≈≈§≈≈≈§§§#.._._._.#
≈§ ##≈§§###≈≈#..._._._#


You could see a yaktaur and a hornet.

Vanquished Creatures
  3 polar bears (D)
  2 wyverns (D)
  4 neqoxecs (D)
  A vampire mosquito (D)
  Menkaure (D)
  A water moccasin (D)
  4 necrophages (D)
  4 scorpions (D)
20 creatures vanquished.

Notes
Turn   | Place    | Note
-------+----------+-------------------------------------------
     0 | D        | boopmooplesden the Minotaur Berserker began the quest for
                  | the Orb.
     0 | D        | Reached XP level 1. HP: 19/19 MP: 0/0
     1 | D        | Noticed a wyvern
     1 | D        | Noticed a wyvern
     5 | D        | Killed a wyvern
     6 | D        | Reached XP level 2. HP: 36/36 MP: 1/1
     6 | D        | Reached XP level 3. HP: 41/41 MP: 2/2
     6 | D        | Reached XP level 4. HP: 49/49 MP: 3/3
     6 | D        | Reached XP level 5. HP: 56/56 MP: 4/4
    10 | D        | Killed a wyvern
    11 | D        | Reached skill level 10 in Fighting
    11 | D        | Reached skill level 10 in Long Blades
    11 | D        | Reached skill level 5 in Armour
    11 | D        | Reached skill level 5 in Dodging
    11 | D        | Reached XP level 6. HP: 66/66 MP: 5/5
    88 | D        | Noticed a neqoxec
    88 | D        | Noticed a neqoxec
    92 | D        | Noticed a neqoxec
    93 | D        | Killed a neqoxec
    93 | D        | Reached ** piety under Trog
    93 | D        | Gained mutation: Your body sometimes deteriorates upon
                  | taking damage. [a neqoxec]
    99 | D        | Killed a neqoxec
   100 | D        | Reached XP level 7. HP: 75/75 MP: 6/6
   109 | D        | Killed a neqoxec
   111 | D        | Noticed a neqoxec
   112 | D        | Noticed an orange crystal statue
   119 | D        | Killed a neqoxec
   133 | D        | Reached *** piety under Trog
   140 | D        | Reached XP level 8. HP: 63/86 MP: 7/7
   269 | D        | Reached **** piety under Trog
   288 | D        | Found Avuxkoj's Jewellery Shoppe.
   288 | D        | Found Zitia's Antique Armour Shoppe.
   288 | D        | Found Hoteo's Book Shoppe.
   288 | D        | Found Kyick's Distillery.
   288 | D        | Found Koossur's Antique Weapon Shoppe.
   288 | D        | Found Aptem's Antique Armour Emporium.
   289 | D        | Found Qenenoh's Armour Emporium.
   289 | D        | Found Cuecw's Assorted Antiques.
   289 | D        | Found Nocoanyrav's Antique Armour Emporium.
   289 | D        | Found Ybradoam's Antique Weapon Shoppe.
   289 | D        | Found Haczaon's Jewellery Emporium.
   290 | D        | Found Jeguoh's Distillery.
   291 | D        | Found Zitisuet's Armour Shoppe.
   291 | D        | Found Capp's Magic Scroll Emporium.
   291 | D        | Noticed Menkaure
   310 | D        | Killed Menkaure
   310 | D        | Reached ***** piety under Trog
   311 | D        | Reached skill level 15 in Long Blades
   559 | D        | Noticed an iron elemental
   559 | D        | Noticed an oklob plant
   560 | D        | Found Kaqego's Book Shoppe.
   561 | D        | Noticed a fire dragon
   694 | D        | Bought the +0 hat of the Moon Troll {Rampage rElec rF+
                  | Dex+4} for 467 gold pieces
   708 | D        | Bought a masterwork ring mail for 198 gold pieces
   708 | D        | Identified the +0 ring mail "Wotidoac" {Harm Drain rElec
                  | rC+++} (You bought it in a shop in the Dungeon)
   722 | D        | Bought a slimy trident for 170 gold pieces
   722 | D        | Identified the +6 trident of Massacring {speed, rPois rN++
                  | Str-4} (You bought it in a shop in the Dungeon)
   848 | D        | Found an iron altar of Okawaru.
   848 | D        | Found an opulent altar of Gozag.
   849 | D        | Found a sparkling altar of Nemelex Xobeh.
   849 | D        | Found a blossoming altar of Fedhas.
   850 | D        | Found a radiant altar of Vehumet.
   850 | D        | Found a burning altar of Makhleb.
   850 | D        | Found a white marble altar of Elyvilon.
   851 | D        | Found a hide-covered altar of Uskayaw.
   851 | D        | Found a corrupted altar of Lugonu.
   851 | D        | Found a shadowy altar of Dithmenos.
   852 | D        | Found a glowing silver altar of Zin.
   852 | D        | Found a bloodstained altar of Trog.
   852 | D        | Found an ancient bone altar of Kikubaaqudgha.
   853 | D        | Found a basalt altar of Yredelemnul.
   853 | D        | Found a shimmering blue altar of Sif Muna.
   853 | D        | Found a viscous altar of Jiyva.
   854 | D        | Found a shimmering altar of Xom.
   854 | D        | Found a sacrificial altar of Ru.
   855 | D        | Found a glowing golden altar of the Shining One.
   855 | D        | Found an ornate altar of the Wu Jian Council.
   855 | D        | Found a stormy altar of Qazlal.
   855 | D        | Noticed a polar bear
   855 | D        | Noticed a polar bear
   855 | D        | Noticed a polar bear
   856 | D        | Noticed a yaktaur
   856 | D        | Noticed a hornet
   863 | D        | Killed a polar bear
   871 | D        | Killed a polar bear
   872 | D        | Reached skill level 15 in Fighting
   872 | D        | Reached skill level 1 in Polearms
   872 | D        | Reached XP level 9. HP: 36/97 MP: 8/8
   878 | D        | Killed a polar bear
   878 | D        | Received a gift from Trog
   879 | D        | Reached skill level 1 in Stealth
   882 | D        | Slain by a hornet

Illustrated notes

Levels and vault maps discovered:
D:        the_violet_keep_of_menkaure [sprint2_stairs_cluster_1,
          sprint2_shoproom, sprint2_temple, sprint2_basic_supplies,
          sprint2_obstacle_4, sprint2_obstacle_1, sprint2_obstacle_6,
          sprint2_obstacle_3, sprint2_obstacle_5, sprint2_timed_cluster_1,
          sprint2_smallroom_cluster_1, sprint2_smallroom_final_cluster_1,
          sprint2_transparent_cluster_1, sprint2_second_timed_cluster_1,
          sprint2_sniper_area_1, sprint2_heavy_combat_area_1,
          sprint2_mutation_trap_area_1, sprint2_forest_area_1,
          sprint2_light_combat_area_1, sprint2_behind_water_1,
          sprint2_near_end_vault_1]

Skill      XL: |  1  2  3  4  5  6  7  8  9 |
---------------+----------------------------+-----
Fighting       | 8 10 11 13 15 | 15.3
Long Blades    | 8 10 12 13 15 | 15.9
Armour         | 4 5 6 7 8 |  8.3
Dodging        | 4 5 6 8 |  8.7
Polearms       | 1 |  1.9
Stealth        | 1 |  1.0

Action                   |  1- 3 |  4- 6 |  7- 9 || total
-------------------------+-------+-------+-------++-------
Melee: Falchion          |     3 |    14 |    66 ||    83
       Headbutt          |     1 |     3 |    15 ||    19
       Trident           |       |       |    22 ||    22
Invok: Berserk           |     1 |     1 |     2 ||     4
  Use: Potion            |       |       |     2 ||     2
Armor: Animal skin       |       |     1 |       ||     1
       Ring mail         |       |       |    13 ||    13
Dodge: Dodged            |     2 |     3 |    43 ||    48
